 Dungeon Crawl Stone Soup version 0.24.0-1-gfbc8707122 (webtiles) character file.

Game seed: 7926148322920570059, levelgen mode: deterministic

67941 MirrMurr the Basher (level 14, -5/118 HPs)
             Began as a Demonspawn Berserker on Oct 26, 2019.
             Was a High Priest of Trog.
             Killed from afar by a wizard (13 damage)
             ... with a bolt of cold
             ... on level 15 of the Dungeon.
             The game lasted 01:00:13 (22630 turns).

MirrMurr the Basher (Demonspawn Berserker)         Turns: 22630, Time: 01:00:15

Health: -5/118     AC: 26    Str: 23    XL:     14   Next: 84%
Magic:  4/4        EV: 14    Int:  9    God:    Trog [*****.]
Gold:   1720       SH: 10    Dex: 12    Spells: 13/13 levels left

rFire    + . .     SeeInvis .   a - +8 demon whip (antimagic)
rCold    . . .     Gourm    +   v - +0 shield
rNeg     + . .     Faith    .   C - +0 plate armour
rPois    .         Spirit   .   (helmet unavailable)
rElec    +         Reflect  .   B - +2 cloak
rCorr    .         Harm     .   k - +1 pair of gloves {archery}
MR       +....                  f - +1 pair of boots
Stlth    ..........             o - amulet of the gourmand
HPRegen  0.29/turn              N - +5 ring of evasion
MPRegen  0.09/turn              H - ring of protection from fire

@: no status effects
A: horns 3, yellow scales 2, foul stench 1, negative energy resistance 1, sense
surroundings 1, electricity resistance, spiny 1, evolution 1, rot immunity,
MP-powered wands
a: Berserk, Trog's Hand, Brothers in Arms, Renounce Religion


You were on level 15 of the Dungeon.
You worshipped Trog.
Trog was extremely pleased with you.
You were very full.

You visited 2 branches of the dungeon, and saw 21 of its levels.

You collected 1720 gold pieces.

Inventory:

Hand Weapons
 a - a +8 antimagic demon whip (weapon)
 b - a +0 hunting sling
 G - a +0 morningstar
Missiles
 j - 54 poisoned darts
 l - 133 sling bullets
 m - 696 stones
 A - 9 curare-tipped darts
 D - 4 throwing nets {!f}
 E - 15 javelins (quivered)
Armour
 f - a +1 pair of boots (worn)
 k - a +1 pair of gloves of archery (worn)
 v - a +0 shield (worn)
 B - a +2 cloak (worn)
 C - a +0 plate armour (worn)
Jewellery
 o - an amulet of the gourmand (around neck)
 z - an uncursed ring of ice
 H - a ring of protection from fire (right hand)
 J - a +3 ring of dexterity
 N - a +5 ring of evasion (left hand)
 O - an uncursed ring of resist corrosion
Wands
 p - a wand of paralysis (10)
 w - a wand of clouds (6)
 x - a wand of acid (19)
 P - a wand of iceblast (8)
 Q - a wand of digging (17)
Scrolls
 h - 9 scrolls of immolation
 i - 6 scrolls of identify
 r - 7 scrolls of remove curse
 s - 8 scrolls of magic mapping
 u - 2 scrolls of blinking
 K - 6 scrolls of teleportation
Potions
 d - a potion of invisibility
 e - 9 potions of curing
 g - 6 potions of lignification
 n - a potion of ambrosia
 q - 3 potions of cancellation
 F - 2 potions of resistance
 I - 2 potions of agility
 L - 3 potions of haste
 M - 2 potions of mutation
 R - 4 potions of flight
 T - 7 potions of heal wounds
Miscellaneous
 U - a phial of floods
Comestibles
 c - 50 rations


   Skills:
 * Level 13.2 Fighting
   Level 2.6 Short Blades
 - Level 14.0 Maces & Flails
 + Level 4.3 Slings
 - Level 10.6 Armour
 - Level 10.5 Dodging
 + Level 4.3 Shields


You had 13 spell levels left.
You didn't know any spells.
Your spell library was empty.

Dungeon Overview and Level Annotations

Branches:
Dungeon (15/15)            Temple (0/1) D:6            Lair (6/6) D:9
  Swamp (0/4) Lair:4        Snake (0/4) Lair:2        Slime (0/5) Lair:5
    Orc (0/2) D:11         Vaults (0/5) D:13
 Depths: D:15

Altars:
Dithmenos
Gozag
Okawaru
Ru
Sif Muna
Uskayaw
Vehumet
Xom
Zin
Beogh

Shops:
D:6 [   D:10 *

Portals:
Trove: D:14 (give +5 fire dragon scales)

Annotations:
D:6 2 transporters, NeAGen181's ghost, novice DDNe
D:7 1 transporter
D:12 3 runed translucent doors
D:15 1 runed translucent door, MirrMurr's ghost, journeyman DsBe


Innate Abilities, Weirdness & Mutations

You have a pair of large horns on your head.
You are mostly covered in yellow scales. (AC +3)
You may emit foul miasma when damaged in melee.
You resist negative energy. (rN+)
You are partially covered in sharp spines.
You are immune to rotting.
You passively map a small area around you.
You are resistant to electric shocks. (rElec)
You evolve.
You expend magic power (3 MP) to strengthen your wands.


Message History

You are too injured to fight recklessly!
You are too injured to fight recklessly!
Unknown command.
You are too injured to fight recklessly!
You are too injured to fight recklessly!
The centaur is struck by your spines. The centaur barely misses you.
You see here 3 stones.
The wizard mumbles some strange words.
You feel troubled.
The wizard gestures at you while chanting.
The bolt of cold hits you!!!
* * * LOW HITPOINT WARNING * * *
The centaur wields a +0 shortbow of flaming.
It bursts into flame!
The centaur shoots an arrow.
You block the arrow.
The centaur wields a +0 shortbow.
The centaur shoots an arrow.
The arrow barely misses you.
A five-headed hydra comes into view.
The wizard casts a spell at you. The bolt of cold hits you!
You die...

..........#* , ,
.........## ** *#D#* *
.........# #.# *
.........# ##.####### *
.........# #......... ,
....÷....# #.........
.........### #.........,
...........######pc)......
.........#.#..))@(c.......
.........#.#(########....#
....(...##.#†# ..# * ,,
#......###.#.# *, #
######## #.#.# , * #.#.#
,, #.#.# ♣♣♣....♣♣...####
, , ♣....♣..♣......# ≈


You could see a five-headed hydra, a wizard and 2 centaurs.

Vanquished Creatures
  Gastronok (Lair:3)
  Azrael (D:12)
  3 hydras
  Erolcha (D:12)
  4 catoblepae
  2 two-headed ogres
  8 death yaks
  Nergalle (D:10)
  A death drake (shapeshifter) (D:13)
  A deep troll (D:13)
  4 unseen horrors
  A lindwurm (D:13)
  5 manticores
  4 oklob plants
  9 ugly things
  A wolf spider (D:15)
  3 cyclopes
  A cyclops (shapeshifter) (D:13)
  6 elephants (Lair:3)
  2 black mambas
  A torpor snail (Lair:6)
  An efreet (D:14)
  13 spiny frogs
  7 komodo dragons
  2 kobold demonologists (D:11)
  A troll (D:12)
  A polar bear (Lair:6)
  13 hippogriffs
  A bog body (Lair:4)
  8 slime creatures
  14 blink frogs
  6 dream sheep (Lair:4)
  A shadow (D:12)
  57 yaks
  3 wyverns
  6 hungry ghosts
  3 basilisks
  3 fire elementals (D:12)
  3 vampire mosquitoes (D:14)
  A steam dragon (D:11)
  Menkaure (D:6)
  A swamp worm (shapeshifter) (D:13)
  A soldier ant (D:12)
  An acid dragon (D:13)
  16 water moccasins
  8 porcupines
  A hell hound (D:12)
  2 ice beasts
  6 orc warriors
  A phantom (D:7)
  A sky beast (D:5)
  5 ogres
  15 wolves
  8 centaurs
  18 crocodiles
  5 big kobolds
  18 bullfrogs
  4 scorpions
  9 killer bees (D:7)
  5 wights (D:7)
  6 howler monkeys
  3 electric eels
  A crimson imp (D:9)
  9 hounds
  2 centaur zombies
  4 quasits
  Crazy Yiuf (D:6)
  7 jellies
  15 orc wizards
  2 centaur skeletons
  13 orc priests
  3 bullfrog skeletons
  2 iguanas
  Terence (D:2)
  3 hell rats (D:9)
  11 worker ants
  A hound zombie (D:7)
  Robin (D:3)
  A howler monkey zombie (D:10)
  9 adders
  A river rat (D:9)
  5 shadow imps
  9 oozes
  An adder skeleton (D:8)
  3 leopard geckos
  49 orcs
  6 bats
  2 giant cockroaches
  18 goblins
  6 hobgoblins
  16 jackals
  21 kobolds
  3 quokkas
  2 ball pythons
  6 frilled lizards
  A jackal skeleton (D:4)
  A leopard gecko skeleton (D:6)
  4 rats
  A fungus (Lair:2)
  3 plants
583 creatures vanquished.

Vanquished Creatures (others)
  7 fungi
  6 plants
13 creatures vanquished.

Grand Total: 596 creatures vanquished

Notes
Turn   | Place    | Note
-------+----------+-------------------------------------------
     0 | D:1      | MirrMurr the Demonspawn Berserker began the quest for the
                  | Orb.
     0 | D:1      | Reached XP level 1. HP: 18/18 MP: 1/1
   698 | D:1      | Gained mutation: You are immune to rotting. [demonic
                  | ancestry]
   698 | D:1      | Reached XP level 2. HP: 21/24 MP: 2/2
   847 | D:2      | Found a radiant altar of Vehumet.
  1029 | D:2      | Reached skill level 1 in Maces & Flails
  1140 | D:2      | Noticed Terence
  1145 | D:2      | Killed Terence
  1145 | D:2      | Reached XP level 3. HP: 27/29 MP: 3/3
  1838 | D:3      | Gained mutation: You have a pair of small horns on your
                  | head. [demonic ancestry]
  1838 | D:3      | Reached XP level 4. HP: 32/35 MP: 4/4
  1841 | D:3      | Reached skill level 2 in Maces & Flails
  1945 | D:3      | Noticed Robin
  1968 | D:3      | Reached ** piety under Trog
  1973 | D:3      | Killed Robin
  2465 | D:4      | Gained mutation: You are partially covered in yellow
                  | scales. (AC +2) [demonic ancestry]
  2465 | D:4      | Reached XP level 5. HP: 42/42 MP: 5/5
  2528 | D:4      | Found a shadowy altar of Dithmenos.
  2543 | D:4      | Reached skill level 3 in Maces & Flails
  2807 | D:4      | Gained mutation: You have a pair of horns on your head.
                  | [demonic ancestry]
  2807 | D:4      | Reached XP level 6. HP: 48/48 MP: 6/6
  2961 | D:4      | Found a glowing silver altar of Zin.
  3110 | D:5      | Entered Level 5 of the Dungeon
  3125 | D:5      | Noticed a sky beast
  3257 | D:5      | Killed a sky beast
  3257 | D:5      | Reached skill level 4 in Maces & Flails
  3257 | D:5      | Reached XP level 7. HP: 52/55 MP: 7/7
  3705 | D:5      | Found a shimmering blue altar of Sif Muna.
  3741 | D:5      | Found an opulent altar of Gozag.
  4015 | D:6      | Noticed Menkaure
  4028 | D:6      | Killed Menkaure
  4076 | D:6      | Reached skill level 5 in Fighting
  4076 | D:6      | Reached skill level 5 in Maces & Flails
  4081 | D:6      | Found a transporter.
  4081 | D:6      | Noticed NeAGen181's ghost (novice DDNe)
  4086 | D:6      | Noticed a wraith
  4087 | D:6      | Found a transporter.
  4169 | D:6      | Found a sacrificial altar of Ru.
  4169 | D:6      | Found a hide-covered altar of Uskayaw.
  4169 | D:6      | Found a shimmering altar of Xom.
  4285 | D:6      | Found Zodabruf's Armour Boutique.
  4323 | D:6      | Gained mutation: You are partially covered in sharp spines.
                  | [demonic ancestry]
  4323 | D:6      | Reached XP level 8. HP: 26/62 MP: 8/8
  4520 | D:6      | Found a staircase to the Ecumenical Temple.
  4599 | D:6      | Reached *** piety under Trog
  4939 | D:6      | Found a runed translucent door.
  4940 | D:6      | Noticed Crazy Yiuf
  4948 | D:6      | Killed Crazy Yiuf
  5021 | D:7      | Reached skill level 6 in Maces & Flails
  5155 | D:7      | Reached skill level 5 in Armour
  5272 | D:7      | Reached skill level 5 in Dodging
  5272 | D:7      | Gained mutation: You are mostly covered in yellow scales.
                  | (AC +3) [demonic ancestry]
  5272 | D:7      | Reached XP level 9. HP: 62/69 MP: 9/9
  5361 | D:7      | Found a transporter.
  5555 | D:7      | Reached skill level 7 in Maces & Flails
  5841 | D:7      | Reached **** piety under Trog
  6525 | D:8      | Reached skill level 8 in Maces & Flails
  7081 | D:9      | Gained mutation: You resist negative energy. (rN+) [demonic
                  | ancestry]
  7081 | D:9      | Reached XP level 10. HP: 76/79 MP: 10/10
  7108 | D:9      | Noticed a death yak
  7113 | D:9      | Noticed a death yak
  7117 | D:9      | Noticed a death yak
  7138 | D:8      | Killed a death yak
  7542 | D:8      | Killed a death yak
  7542 | D:8      | Reached skill level 9 in Maces & Flails
  7751 | D:9      | Found a staircase to the Lair.
  7758 | D:9      | Got a dazzling ring mail
  7808 | D:9      | Killed a death yak
  7982 | D:9      | Reached ***** piety under Trog
  8113 | D:10     | Entered Level 10 of the Dungeon
  8370 | D:10     | Noticed Nergalle
  8401 | D:10     | Killed Nergalle
  8508 | D:10     | Found Dokkiqis's General Store.
  9431 | D:11     | Reached XP level 11. HP: 86/86 MP: 11/11
  9457 | D:11     | Reached skill level 10 in Maces & Flails
  9570 | D:11     | Noticed a soul eater
  9578 | D:11     | Gained mutation: You evolve. [a neqoxec]
  9582 | D:11     | Gained mutation: You are resistant to electric shocks.
                  | (rElec) [a neqoxec]
  9731 | D:11     | Killed an unseen horror
 10074 | D:11     | Found a staircase to the Orcish Mines.
 10104 | D:11     | Found a roughly hewn altar of Beogh.
 10136 | D:11     | Noticed a two-headed ogre
 10147 | D:11     | Killed a two-headed ogre
 10396 | D:11     | Noticed a four-headed hydra
 10411 | D:11     | Killed a four-headed hydra
 10520 | D:11     | Noticed a green ugly thing
 10529 | D:11     | Killed a green ugly thing
 10606 | Lair:1   | Entered Level 1 of the Lair of Beasts
 11028 | Lair:1   | Reached skill level 11 in Maces & Flails
 11056 | Lair:1   | Identified a scroll of acquirement
 11096 | Lair:1   | Noticed an oklob plant
 11890 | Lair:1   | Killed an oklob plant
 12313 | Lair:2   | Reached XP level 12. HP: 63/96 MP: 12/12
 12573 | Lair:2   | Found a staircase to the Snake Pit.
 13205 | Lair:3   | Received a gift from Trog
 13461 | Lair:2   | Reached skill level 12 in Maces & Flails
 13579 | Lair:3   | Reached skill level 10 in Fighting
 13763 | Lair:3   | Noticed Gastronok
 13803 | Lair:3   | Killed Gastronok
 14444 | Lair:3   | Gained mutation: You have a pair of large horns on your
                  | head. [demonic ancestry]
 14444 | Lair:3   | Reached XP level 13. HP: 89/104 MP: 13/13
 15085 | Lair:4   | Found a staircase to the Swamp.
 15522 | Lair:4   | You fall into a shaft and drop 1 floor!
 15576 | Lair:5   | Reached skill level 13 in Maces & Flails
 15621 | Lair:5   | Found a staircase to the Slime Pits.
 15952 | Lair:5   | Gained mutation: You passively map a small area around you.
                  | [evolution]
 17201 | Lair:6   | Entered Level 6 of the Lair of Beasts
 17359 | Lair:6   | Reached skill level 10 in Armour
 17422 | Lair:6   | Received a gift from Trog
 17435 | Lair:6   | Reached skill level 10 in Dodging
 19189 | Lair:6   | Gained mutation: You may emit foul miasma when damaged in
                  | melee. [demonic ancestry]
 19189 | Lair:6   | Reached XP level 14. HP: 113/113 MP: 14/14
 19219 | Lair:6   | Reached skill level 14 in Maces & Flails
 19874 | D:12     | Noticed Erolcha
 19885 | D:12     | Killed Erolcha
 20061 | D:12     | Reached skill level 1 in Slings
 20124 | D:12     | Reached skill level 1 in Shields
 20145 | D:12     | Found an iron altar of Okawaru.
 20232 | D:12     | Reached ****** piety under Trog
 20253 | D:12     | Found a runed translucent gate.
 20253 | D:12     | Found a runed translucent gate.
 20268 | D:12     | Received a gift from Trog
 20282 | D:12     | Found a runed translucent gate.
 20282 | D:12     | Noticed a red very ugly thing
 20283 | D:12     | Noticed Azrael
 20290 | D:12     | Got a scorched great mace {god gift}
 20301 | D:12     | Killed Azrael
 20327 | D:12     | Noticed a white very ugly thing
 20696 | D:13     | Identified the +7 great mace "Leiqutt" {speed, *Corrode
                  | Str+7 Stlth+} (Trog gifted it to you on level 12 of the
                  | Dungeon)
 20793 | D:13     | Found a gate to the Vaults.
 21557 | D:13     | Gained mutation: You expend magic power (3 MP) to
                  | strengthen your wands. [evolution]
 21838 | D:14     | Received a gift from Trog
 22297 | D:14     | Found a portal to a secret trove of treasure.
 22383 | D:15     | Entered Level 15 of the Dungeon
 22547 | D:15     | Found a runed translucent door.
 22548 | D:15     | Noticed MirrMurr's ghost (journeyman DsBe)
 22548 | D:15     | Identified the +8 spear "Inuolet" {pierce, rF+ Int+4 SInv}
 22630 | D:15     | Killed from afar by a wizard

Levels and vault maps discovered:
D:1:      dpeg_arrival_concentric_ovals, layout_loops_ring,
          chequers_serial_rivers_large_a
D:2:      layout_rooms, fiery_altar_vehumet, uniq_terence
D:3:      kennysheep_goblin_castle, layout_loops_cross, hex_large
D:4:      layout_basic, nicolae_overflow_crystal_walls,
          overflow_temple_1_default
D:5:      layout_cave_pools, nicolae_overflow_hidden_temple, first_ration,
          kennysheep_generic_room_5
D:6:      layout_loops_ring, gammafunk_temple_overflow_claw,
          minmay_temple_entry_waves, serial_shops, shop, gammafunk_ghost_arena,
          uniq_menkaure, uniq_crazy_yiuf_cottage
D:7:      gammafunk_the_bubble [the_bubble_gammafunk_crates], layout_loops_ring
D:8:      layout_rooms, hangedman_little_slice_of_home, corner_web_ring
D:9:      layout_rooms, dpeg_lair_monsters
D:10:     layout_small_grid, serial_shops, shop, serial_bayou_ford_a,
          uniq_nergalle
D:11:     layout_rooms, minmay_orc_entry_temple_small
D:12:     layout_roguey, ploomutoo_gammafunk_ghost_potion_laboratory,
          basic_altar, uniq_azrael, uniq_erolcha
D:13:     layout_long_grid, david_vaults_4
D:14:     layout_loops_ring, enter_trove_1, minivault_22
D:15:     grunt_enter_depths_snipers, layout_rooms, ebering_ghost_funeral_grove,
          amethyst_killhole, minmay_joined_circles
Lair:1:   layout_concentric_octagons, serial_bayou_shore_b, grunt_megastairs_4,
          serial_bayou_shore_a, minmay_lair_oklob_chamber
Lair:2:   layout_regular_city, dummy_snake_entry, grunt_megastairs_5
Lair:3:   layout_cave_pods, minmay_lair_oklob_items, beast_lair_carwin_10,
          infiniplex_staircase_pool, uniq_gastronok
Lair:4:   layout_cave_pods, skrybe_swamp_entry_bodies
Lair:5:   dpeg_oklob_gauntlet, layout_gridlike, nicolae_slime_entry_slimehenge
Lair:6:   evilmike_catoblepas_cave, layout_cave_pods, grunt_megastairs_1,
          serial_bayou_shore_b, lemuel_fruit_fields, infiniplex_staircase_pool_2

Skill      XL: |  1  2  3  4  5  6  7  8  9 10 11 12 13 14 |
---------------+-------------------------------------------+-----
Maces & Flails | 1 2 3 4 5 6 8 9 11 12 13 14 | 14.0
Armour         | 2 3 4 5 6 7 8 9 10 | 10.6
Dodging        | 2 3 4 5 6 7 8 9 10 | 10.5
Fighting       | 4 5 6 7 8 9 10 11 13 | 13.2
Slings         | 4 |  4.3
Shields        | 4 |  4.3
Short Blades   | |  2.6

Action                   |  1- 3 |  4- 6 |  7- 9 | 10-12 | 13-15 || total
-------------------------+-------+-------+-------+-------+-------++-------
Melee: Mace              |    29 |       |       |       |       ||    29
       Whip              |    88 |    82 |   277 |   580 |   712 ||  1739
       Headbutt          |       |     6 |    55 |   154 |   204 ||   419
       Demon whip        |       |       |       |       |    54 ||    54
 Fire: Hunting sling     |       |    35 |   149 |   296 |   291 ||   771
Invok: Berserk           |     1 |     2 |     3 |     8 |     3 ||    17
       Trog's Hand       |       |     1 |     3 |     3 |     4 ||    11
  Use: Scroll            |     9 |     7 |     6 |    11 |     3 ||    36
       Potion            |     1 |       |       |       |     2 ||     3
  Eat: Chunk             |     4 |     6 |    19 |    39 |    44 ||   112
       Ration            |       |       |       |     1 |       ||     1
Armor: Ring mail         |    51 |    55 |    93 |    82 |       ||   281
       Animal skin       |     3 |       |       |       |       ||     3
       Plate armour      |       |       |       |   125 |   247 ||   372
Dodge: Dodged            |    85 |    66 |   151 |   291 |   344 ||   937
Block: Shield            |       |       |       |       |    57 ||    57
       Buckler           |       |       |       |       |    14 ||    14
